 Dungeon Crawl Stone Soup version 0.22.1-1-ga44c0e5 (webtiles) character file.

570 suicidejoker the Skirmisher (level 7, -18/55 HPs)
             Began as a Demonspawn Fighter on Oct 6, 2018.
             Demolished by an ogre
             ... wielding a +0 giant spiked club
              (22 damage)
             ... on level 4 of the Dungeon on Oct 7, 2018.
             The game lasted 00:06:46 (2868 turns).

suicidejoker the Skirmisher (Demonspawn Fighter)    Turns: 2868, Time: 00:06:47

Health: -18/55     AC: 15    Str: 19    XL:     7   Next: 11%
Magic:  7/7        EV:  7    Int:  9    God:
Gold:   181        SH:  0    Dex: 12    Spells: 6/6 levels left

rFire    + + .     SeeInvis .   e - +0 halberd (venom)
rCold    . . .     Gourm    .   (shield currently unavailable)
rNeg     . . .     Faith    .   o - +2 chain mail {rF+}
rPois    .         Spirit   .   s - +0 helmet (curse)
rElec    .         Reflect  .   (no cloak)
rCorr    .         Harm     .   j - +1 pair of gloves
MR       .....                  (no boots)
Stlth    ..........             l - amulet of rage
HPRegen  0.18/turn              d - ring of fire
MPRegen  0.10/turn              k - ring of ice

@: no status effects
A: hooves 1, fire resistance 1, powered by death 2, flame cloud immunity
a: Evoke Berserk Rage


You were on level 4 of the Dungeon.
You were hungry.

You visited 1 branch of the dungeon, and saw 4 of its levels.

You collected 181 gold pieces.

Inventory:

Hand Weapons
 a - a +0 flail
 e - a +0 halberd of venom (weapon)
 r - a +2 dagger of pain
Missiles
 n - a throwing net (quivered)
Armour
 c - a +0 shield
 j - a +1 pair of gloves (worn)
 o - a +2 chain mail of fire resistance (worn)
 s - a cursed +0 helmet (worn)
Jewellery
 b - an uncursed ring of wizardry {unknown}
 d - a ring of fire (left hand)
 k - a ring of ice (right hand)
 l - an amulet of rage (around neck)
Scrolls
 h - 3 scrolls of identify {unknown}
 i - a scroll of blinking {unknown}
 m - a scroll of enchant armour {unknown}
 q - a scroll of immolation {unknown}
Potions
 g - a potion of flight
Comestibles
 f - 7 rations


   Skills:
 + Level 4.7 Fighting
 + Level 3.7 Maces & Flails
 + Level 4.4 Armour
 + Level 4.4 Shields


You had 6 spell levels left.
You didn't know any spells.
Your spell library was empty.

Dungeon Overview and Level Annotations

Branches:
Dungeon (4/15)
 Temple: D:4-7

Altars:
Kikubaaqudgha
Nemelex Xobeh
Qazlal

Shops:
D:4 =


Innate Abilities, Weirdness & Mutations

You have large cloven feet.
Your flesh is heat resistant. (rF+)
You regenerate health from kills.
You are immune to clouds of flame.


Message History

The ogre closely misses you. x2
You barely miss the ogre.
The ogre is severely wounded.
The ogre barely misses you.
The ogre hits you with a giant spiked club!
You hit the ogre.
The ogre looks as sick as possible!
You kick the ogre.
You kill the ogre!
You have reached level 7!
The ogre hits you with a giant spiked club!!
* * * LOW HITPOINT WARNING * * *
You feel better.
You hit the ogre.
The ogre is poisoned.
The ogre is lightly wounded.
The ogre hits you with a giant spiked club!
* * * LOW HITPOINT WARNING * * *
The ogre hits you but does no damage.
You hit the ogre.
The ogre looks even sicker.
You kick the ogre.
The ogre is heavily wounded.
The ogre hits you with a giant spiked club!!
You die...

###.#......##.##......###.
#.)........##.##......##..
#.#.##.######.##..........
#.#.##.##.. #......##..
#....#.##.# ###.#####..
###..#.##.###### #. ###
#............# #
#..#.#.......# #
##.....@)....#
#.#.#[O##.#.# #.###..# #..
..... #.####.##. #.# #.# #
#.# #.#


You could see an ogre.

Vanquished Creatures
  2 ogres
  A scorpion (D:4)
  A centaur zombie (D:3)
  Natasha (thrice) (D:3)
  9 gnolls
  6 adders
  2 worms (D:2)
  A leopard gecko (D:3)
  5 orcs
  10 bats
  4 giant cockroaches
  11 hobgoblins
  7 jackals
  10 kobolds
  A quokka (D:2)
  3 ball pythons
  5 frilled lizards
  8 goblins
  10 rats
99 creatures vanquished.

Notes
Turn   | Place    | Note
-------+----------+-------------------------------------------
     0 | D:1      | suicidejoker the Demonspawn Fighter began the quest for the
                  | Orb.
     0 | D:1      | Reached XP level 1. HP: 18/18 MP: 1/1
   135 | D:1      | Gained mutation: You have large cloven feet. [demonic
                  | ancestry]
   135 | D:1      | Reached XP level 2. HP: 24/24 MP: 2/2
   635 | D:1      | Gained mutation: You regenerate a little health from kills.
                  | [demonic ancestry]
   635 | D:1      | Reached XP level 3. HP: 23/29 MP: 3/3
   824 | D:2      | Gained mutation: Your flesh is heat resistant. (rF+)
                  | [demonic ancestry]
   824 | D:2      | Reached XP level 4. HP: 19/35 MP: 4/4
   847 | D:2      | Found a stormy altar of Qazlal.
  1278 | D:2      | Found a sparkling altar of Nemelex Xobeh.
  1365 | D:2      | Gained mutation: You are immune to clouds of flame.
                  | [demonic ancestry]
  1365 | D:2      | Reached XP level 5. HP: 40/42 MP: 5/5
  1538 | D:3      | Noticed Natasha
  1547 | D:3      | Killed Natasha
  1848 | D:3      | Found an ancient bone altar of Kikubaaqudgha.
  2176 | D:3      | Noticed an ogre
  2183 | D:3      | Killed an ogre
  2183 | D:3      | Gained mutation: You regenerate health from kills. [demonic
                  | ancestry]
  2183 | D:3      | Reached XP level 6. HP: 23/49 MP: 6/6
  2204 | D:3      | Noticed Natasha
  2210 | D:3      | Killed Natasha
  2220 | D:3      | Noticed Natasha
  2229 | D:3      | Killed Natasha
  2762 | D:4      | Found Amupne's Jewellery Boutique.
  2865 | D:4      | Reached XP level 7. HP: 28/55 MP: 7/7
  2868 | D:4      | Demolished by an ogre

Skill      XL: |  1  2  3  4  5 |
---------------+----------------+-----
Maces & Flails | 2 3 |  3.7
Armour         | 3 4 |  4.4
Shields        | 3 4 |  4.4
Fighting       | 4 |  4.7

Action                   |  1- 3 |  4- 6 |  7- 9 || total
-------------------------+-------+-------+-------++-------
Melee: Flail             |    86 |   153 |       ||   239
       Kick              |    15 |    58 |     1 ||    74
       Halberd           |       |    77 |     2 ||    79
 Abil: Evoke Berserk Rag |       |     1 |       ||     1
  Use: Potion            |       |     4 |     1 ||     5
  Eat: Chunk             |       |     4 |       ||     4
       Ration            |       |     1 |       ||     1
Armor: Scale mail        |    50 |   148 |       ||   198
       Chain mail        |       |    15 |     1 ||    16
Dodge: Dodged            |    38 |   114 |       ||   152
Block: Shield            |    45 |    92 |       ||   137
